 Dungeon Crawl Stone Soup version 0.28-a0-773-g130ae17fe5 (webtiles) character file.

Game seed: 8909759113020212977

69 ders the Distorting Demonspawn (level 4, -1/35 HPs)
             Began as a Demonspawn Abyssal Knight on Nov 1, 2021.
             Was a Believer of Lugonu.
             Slain by a gnoll (3 damage)
             ... on level 3 of the Dungeon.
             The game lasted 00:08:16 (2866 turns).

ders the Distorting Demonspawn (DsAK)               Turns: 2866, Time: 00:08:17

Health: -1/35      AC:  3    Str: 14    XL:     4   Next: 2%
Magic:  6/6        EV: 11    Int: 11    God:    Lugonu [**....]
Gold:   132        SH:  0    Dex: 14    Spells: 2/3 levels left

rFire   . . .      SeeInvis .   a - +1 short sword
rCold   . . .      Faith    .   (no shield)
rNeg    . . .      Spirit   .   b - +0 leather armour
rPois   .          Reflect  .   (no helmet)
rElec   .          Harm     .   (no cloak)
rCorr   .          Rampage  .   (no gloves)
Will    .....                   (no boots)
Stlth   +.........              (no amulet)
HPRegen 0.11/turn               (no ring)
MPRegen 0.20/turn               (no ring)

@: about to teleport
A: magic regeneration
a: Renounce Religion, Depart the Abyss, Bend Space


You were on level 3 of the Dungeon.
You worshipped Lugonu.
Lugonu was pleased with you.
You visited 1 branch of the dungeon, and saw 3 of its levels.
You visited the Abyss 1 time.

You collected 132 gold pieces.

Inventory:

Hand Weapons
 a - a +1 short sword (weapon)
Armour
 b - a +0 leather armour (worn)
Jewellery
 c - a ring of fire
Scrolls
 d - a scroll of magic mapping {unknown}
 f - 2 scrolls of identify
Potions
 g - 2 potions of flight {unknown}


   Skills:
 * Level 3.5 Fighting
 * Level 2.5 Short Blades
 - Level 1.9 Armour
 - Level 1.1 Dodging
 + Level 0.2 Spellcasting
 + Level 0.0 Transmutations
 + Level 0.3 Poison Magic
 * Level 3.6 Invocations


You had 2 spell levels left.
You knew the following spells:

 Your Spells              Type           Power      Damage    Failure   Level
a - Sting                 Tmut/Pois      0%         1d3       36%         1

Your spell library contained the following spells:

 Spells                   Type           Power      Damage    Failure   Level
 Freeze                   Ice            0%         1d3       41%         1
 Poisonous Vapours        Pois/Air       0%         N/A       52%         2
 Frozen Ramparts          Ice            0%         1d2       78%         3
 Gell's Gravitas          Tloc           0%         N/A       78%         3
 Olgreb's Toxic Radiance  Pois           0%         N/A       98%         4
 Hailstorm                Conj/Ice       0%         3d3       99%         4
 Manifold Assault         Tloc           0%         N/A       100%        5
 Dispersal                Tloc           0%         N/A       100%        6


Dungeon Overview and Level Annotations

Branches:
Dungeon (3/15)

Altars:

Annotations:
D:3 Robin


Innate Abilities, Weirdness & Mutations

You regenerate magic rapidly.


Message History

The gnoll is lightly wounded.
The gnoll hits you from afar with a +0 halberd!
The gnoll hits you from afar with a +0 halberd.
Robin says, "My goblins will feast on your bones."
You climb upwards.
There is a stone staircase leading down here.
You start resting.
Magic restored.
You start resting.
HP restored.
You climb downwards.
Level annotation: Robin
There is a stone staircase leading up, spattered with blood here.
The gnoll hits you with a +0 halberd.
You completely miss Robin. The gnoll closely misses you.
Robin hits you with a +0 club.
You barely miss Robin. The gnoll hits you with a +0 halberd!
Robin hits you but does no damage.
You barely miss Robin. The gnoll barely misses you.
Robin hits you with a +0 club.
You hit Robin.
Robin is lightly wounded.
The gnoll hits you but does no damage. Robin hits you with a +0 club.
You hit Robin.
Robin is moderately wounded.
The gnoll hits you with a +0 halberd!
* * * LOW HITPOINT WARNING * * *
Robin hits you with a +0 club.
* * * LOW HITPOINT WARNING * * *
Okay, then.
As you read the scroll labelled XYIKHE POCATH, it crumbles to dust.
It is a scroll of identify.
e - a scroll of teleportation The gnoll closely misses you.
A gnoll comes into view. It is wielding a +0 club.
Robin hits you with a +0 club.
* * * LOW HITPOINT WARNING * * *
As you read the scroll of teleportation, it crumbles to dust.
You feel strangely unstable. The gnoll hits you with a +0 halberd.
You die...

#............ #............
#............
################............
#.......#...................
#.......#.######............
#####.......#.# #............
#...+.......#.#### #............
#.###.......#.g@.# #............
#...........#.##g###............
####........#.##..g(.(g.........
#####........#'######............
#..........)......#.'.........#+#
#..........)......#.#....####g#
#.................#.#....# .#
#.............>..........'. g
#...................#....##


g You could see Robin and 2 gnolls.

Vanquished Creatures
  2 adders
  A gnoll (D:2)
  An orc (D:3)
  3 endoplasms
  12 goblins
  6 hobgoblins
  3 ball pythons
  2 bats (D:1)
  A frilled lizard (D:2)
  A kobold (D:1)
  5 rats
37 creatures vanquished.

Notes
Turn   | Place    | Note
-------+----------+-------------------------------------------
     0 | Abyss:1  | ders the Demonspawn Abyssal Knight began the quest for the
                  | Orb.
     0 | Abyss:1  | Reached XP level 1. HP: 18/18 MP: 2/2
    17 | D:1      | Escaped the Abyss
   166 | D:1      | Reached skill level 1 in Dodging
   341 | D:1      | Got the Compendium of the Voyage
   436 | D:1      | Gained mutation: You regenerate magic rapidly. [demonic
                  | ancestry]
   436 | D:1      | Reached XP level 2. HP: 22/24 MP: 4/4
   678 | D:1      | Found a faded altar of an unknown god.
  1062 | D:2      | Reached ** piety under Lugonu
  1076 | D:2      | Reached XP level 3. HP: 28/29 MP: 5/5
  1721 | D:3      | Learned a level 1 spell: Sting
  1899 | D:3      | Noticed Robin
  2569 | D:2      | Reached XP level 4. HP: 22/35 MP: 6/6
  2866 | D:3      | Slain by a gnoll

Illustrated notes

Levels and vault maps discovered:
D:1:      dpeg_arrival_simpleton_b, layout_loops_cross,
          shapermc_ecumenical_altar_hornbeckon
D:2:      layout_basic
D:3:      layout_basic, minivault_26, grunt_decor_clamped, uniq_robin

Skill      XL: |  1  2 |
---------------+-------+-----
Dodging        | 1 |  1.1
Short Blades   | 2 |  2.5
Invocations    | 3 |  3.6
Fighting       | |  3.5
Armour         | |  1.9
Spellcasting   | |  0.2
Poison Magic   | |  0.3

Action                   |  1- 3 |  4- 6 || total
-------------------------+-------+-------++-------
Melee: Short sword       |   120 |    11 ||   131
 Cast: Sting             |     4 |     1 ||     5
  Use: Potion            |     2 |       ||     2
       Scroll            |       |     2 ||     2
Armor: Leather armour    |    42 |     4 ||    46
Dodge: Dodged            |    64 |     7 ||    71

Table legend: (Time is in decaauts)
 A = Elapsed time spent in this place.
 B = Non-inter-level travel time spent in this place.
 C = Inter-level travel time spent in this place.
 D = Time resting spent in this place.
 E = Time spent auto-exploring this place.
 F = Levels seen in this place.
 G = Mean time per level.
                   A        B        C        D        E       F      G
               +--------+--------+--------+--------+--------+-----+--------+
         Total |   2880 |   2788 |     92 |   1127 |   1276 |   4 |  720.0 |
       Dungeon |   2863 |   2771 |     92 |   1127 |   1270 |   3 |  954.3 |
         Abyss |     17 |     17 |      0 |      0 |      6 |   1 |   17.0 |
               +--------+--------+--------+--------+--------+-----+--------+

Top non-repeatable levels by time:
     D:2: 1517 daAuts
     D:1: 853 daAuts
     D:3: 492 daAuts
 Abyss:1: 17 daAuts
